 Dungeon Crawl Stone Soup version 0.23.1 (webtiles) character file.

Game seed: 11025433593479837680

152 Borgoz the Skirmisher (level 5, 0/45 HPs)
             Began as a Ghoul Warper on Mar 7, 2019.
             Slain by an adder (3 damage)
             ... on level 3 of the Dungeon.
             The game lasted 00:04:21 (1736 turns).

Borgoz the Skirmisher (Ghoul Warper)                Turns: 1736, Time: 00:04:22

Health: 0/45       AC:  3    Str: 20    XL:     5   Next: 34%
Magic:  7/7        EV: 12    Int:  8    God:
Gold:   47         SH:  0    Dex:  9    Spells: 6/8 levels left

rFire    . . .     SeeInvis .     - Unarmed
rCold    + . .     Gourm    .   (no shield)
rNeg     + + +     Faith    .   a - +0 leather armour
rPois    ∞         Spirit   .   (no helmet)
rElec    .         Reflect  .   (no cloak)
rCorr    .         Harm     .   (no gloves)
MR       .....                  (no boots)
Stlth    +.........             (no amulet)
HPRegen  0.00/turn              (no ring)
MPRegen  0.10/turn              (no ring)

@: mighty, rotting
A: rotting body, claws 1, carnivore, cold resistance 1, negative energy
resistance 3, inhibited regeneration, torment resistance, unbreathing
a: no special abilities


You were on level 3 of the Dungeon.
You were not hungry.

You visited 1 branch of the dungeon, and saw 3 of its levels.

You collected 47 gold pieces.

Inventory:

Missiles
 d - 5 tomahawks of dispersal (quivered)
Armour
 a - a +0 leather armour (worn)
Scrolls
 c - a scroll of blinking
 g - a scroll of random uselessness {unknown}
 i - 3 scrolls of identify {unknown}
 j - a scroll of immolation {unknown}
 k - 2 scrolls of teleportation {unknown}
 l - a scroll of remove curse {unknown}
Potions
 e - a potion of might
 h - a potion of degeneration {unknown}
Comestibles
 f - 4 rations


   Skills:
 + Level 3.0 Fighting
 - Level 0.8 Throwing
 * Level 2.4 Armour
 * Level 2.9 Dodging
 + Level 2.9 Unarmed Combat
 + Level 2.3 Spellcasting
 + Level 2.8 Translocations


You had 6 spell levels left.
You knew the following spells:

 Your Spells              Type           Power        Failure   Level  Hunger
a - Blink                 Tloc           N/A          19%         2    ###....

Your spell library contained the following spells:

 Spells                   Type           Power        Failure   Level  Hunger
 Shroud of Golubria       Chrm/Tloc      #.........   34%         2    ###....
 Gell's Gravitas          Tloc           #.........   36%         3    ####...
 Lesser Beckoning         Tloc           #.........   36%         3    ####...
 Teleport Other           Tloc           #.......     36%         3    ####...
 Passage of Golubria      Tloc           N/A          77%         4    #####..


Dungeon Overview and Level Annotations

Branches:
Dungeon (3/15)

Altars:


Innate Abilities, Weirdness & Mutations

Your body is rotting away.
You thrive on raw meat.
You are immune to poison.
You have sharp fingernails.
You are carnivorous and can eat meat at any time.
Your flesh is cold resistant. (rC+)
You are immune to negative energy. (rN+++)
You do not regenerate when monsters are visible.
You are immune to unholy pain and torment.
You can survive without breathing.


Message History

Your Fighting skill increases to level 3!
The orc barely misses you.
The orc throws a tomahawk.
The tomahawk hits you!
* * * LOW HITPOINT WARNING * * *
The orc hits you with a +0 trident.
* * * LOW HITPOINT WARNING * * *
The orc barely misses you.
Things that are here:
a +0 dagger; a +0 robe; an orc corpse You claw the orc!
You kill the orc!
The orc barely misses you. The adder bites you but does no damage.
You claw the orc!
You kill the orc!
The adder barely misses you. The adder bites you.
* * * LOW HITPOINT WARNING * * *
Things that are here:
a +0 trident; a +0 scale mail You miss the adder.
The adder bites you.
You die...

..........................
#.#.#.................#..#
#.#.###.##)####..##.......
..........................
..(.......................
..#....<..................
#.......................
#...............(.......
#...............@S#.####.o
...........####.#)#.#
#....#####.# #.#(#.# ..#+#
... ..#.#.# ..
##.####.#.#.# #.#.#.#
#...... #.#.# ...


You could see an adder.

Vanquished Creatures
  An orc wizard (D:3)
  3 gnolls
  3 adders (D:2)
  An ooze (D:1)
  A worm (D:2)
  2 leopard geckos
  4 orcs (D:3)
  A giant cockroach (D:1)
  4 goblins
  5 hobgoblins
  9 jackals
  A quokka (D:2)
  A ball python (D:1)
  9 bats
  A frilled lizard (D:1)
  4 kobolds
  8 rats
58 creatures vanquished.

Notes
Turn   | Place    | Note
-------+----------+-------------------------------------------
     0 | D:1      | Borgoz the Ghoul Warper began the quest for the Orb.
     0 | D:1      | Reached XP level 1. HP: 17/17 MP: 2/2
    36 | D:1      | Reached skill level 1 in Armour
    65 | D:1      | Reached XP level 2. HP: 16/25 MP: 3/3
   317 | D:1      | Reached XP level 3. HP: 26/30 MP: 5/5
  1116 | D:2      | Reached XP level 4. HP: 21/37 MP: 6/6
  1462 | D:3      | Learned a level 2 spell: Blink
  1693 | D:3      | Reached XP level 5. HP: 44/44 MP: 7/7
  1731 | D:3      | Reached skill level 3 in Fighting
  1736 | D:3      | Slain by an adder

Skill      XL: |  1  2  3  4  5 |
---------------+----------------+-----
Armour         | 1 2 |  2.4
Dodging        | 2 |  2.9
Spellcasting   | 2 |  2.3
Fighting       | 3 |  3.0
Throwing       | |  0.8
Unarmed Combat | |  2.9
Translocations | |  2.8

Action                   |  1- 3 |  4- 6 || total
-------------------------+-------+-------++-------
Melee: Unarmed           |   147 |    91 ||   238
       Punch             |     1 |       ||     1
  Use: Potion            |       |     1 ||     1
  Eat: Chunk             |     6 |    10 ||    16
Armor: Leather armour    |    43 |    20 ||    63
Dodge: Dodged            |    92 |    66 ||   158
